 Dungeon Crawl Stone Soup version 0.22-a0-254-gaf95ca0 (webtiles) character file.

234 RoseArtemis the Covered (level 5, -1/47 HPs)
             Began as a Minotaur Fighter on Mar 5, 2018.
             Slain by a killer bee (4 damage)
             ... on level 3 of the Dungeon.
             The game lasted 00:03:37 (2312 turns).

RoseArtemis the Covered (Minotaur Fighter)          Turns: 2312, Time: 00:03:38

Health: -1/47      AC:  7    Str: 27    XL:     5   Next: 75%
Magic:  4/4        EV:  8    Int:  5    God:
Gold:   70         SH: 10    Dex:  9    Spells: 4/4 levels left

rFire    . . .     SeeInvis .   m - +1 short sword (venom)
rCold    . . .     Gourm    .   c - +0 shield
rNeg     . . .     Faith    .   b - +0 scale mail
rPois    .         Spirit   .   (helmet restricted)
rElec    .         Reflect  .   (no cloak)
rCorr    .         Harm     .   (no gloves)
MR       .....                  (no boots)
Stlth    ..........             (no amulet)
HPRegen  0.15/turn              (no ring)
MPRegen  0.09/turn              (no ring)

@: mighty, lethally poisoned (-1 -> -37)
A: retaliatory headbutt, horns 2
a: no special abilities


You were on level 3 of the Dungeon.
You were not hungry.

You visited 1 branch of the dungeon, and saw 3 of its levels.

You collected 70 gold pieces.

Inventory:

Hand Weapons
 a - a +0 rapier
 m - a +1 short sword of venom (weapon)
 v - a +0 long sword of electrocution
Armour
 b - a +0 scale mail (worn)
 c - a +0 shield (worn)
Jewellery
 q - an uncursed ring of protection from magic
Scrolls
 e - a scroll of remove curse {unknown}
 i - 3 scrolls of identify
 k - a scroll of fear {unknown}
 l - 2 scrolls of amnesia {unknown}
 n - a scroll of immolation {unknown}
 p - a scroll of teleportation {unknown}
 r - a scroll of magic mapping {unknown}
 t - a scroll of noise {unknown}
Potions
 h - 2 potions of haste {unknown}
 j - a potion of mutation {unknown}
 o - 3 potions of berserk rage {unknown}
 s - a potion of curing {unknown}
 u - a potion of brilliance {unknown}
Comestibles
 f - 6 rations
 g - 13 chunks of flesh


   Skills:
 + Level 4.7 Fighting
 * Level 4.5 Short Blades
 + Level 4.7 Armour
 + Level 4.7 Shields


You had 4 spell levels left.
You didn't know any spells.

Dungeon Overview and Level Annotations

Branches:
Dungeon (3/15)

Altars:
Gozag


Innate Abilities, Weirdness & Mutations

You reflexively headbutt those who attack you in melee.
You have a pair of horns on your head.


Message History

The killer bee poisons you! The killer bee barely misses you. x2
The killer bee stings you but does no damage.
The killer bee stings you.
* * * LOW HITPOINT WARNING * * *
You are more poisoned.
The killer bee poisons you! The killer bee stings you.
* * * LOW HITPOINT WARNING * * *
You are more poisoned.
The killer bee poisons you!
The killer bee stings you but does no damage.
The killer bee stings you.
* * * LOW HITPOINT WARNING * * *
The killer bee stings you but does no damage. x2
You feel very mighty all of a sudden.
* * * LOW HITPOINT WARNING * * *
You feel very sick. The killer bee barely misses you.
You block the killer bee's attack.
The killer bee stings you but does no damage. x3
The killer bee stings you.
You die...

..............#
#.#...........
....###########
#.#........... ....#
############.#...#'####+#
....#
#................#.####
....#
#................<....#
#####
#..............#...##.#
#......(.......+....# #
#.....%.yy.....##...#
#.......@y.....##...#
#......yyy........>..
#........K............
#.....................#
#...............
#...............
...............
...............


You could see 6 killer bees and a kobold.

Vanquished Creatures
  Sigmund (D:2)
  An adder (D:2)
  A worm (D:2)
  4 dart slugs
  A leopard gecko (D:1)
  6 orcs
  3 giant cockroaches
  4 goblins
  10 hobgoblins
  4 jackals (D:1)
  5 kobolds
  2 quokkas (D:3)
  3 ball pythons
  5 bats
  4 frilled lizards
  7 rats
61 creatures vanquished.

Notes
Turn   | Place    | Note
-------+----------+-------------------------------------------
     0 | D:1      | RoseArtemis the Minotaur Fighter began the quest for the Orb.
     0 | D:1      | Reached XP level 1. HP: 19/19 MP: 0/0
   193 | D:1      | Reached XP level 2. HP: 27/27 MP: 1/1
   697 | D:1      | Reached XP level 3. HP: 30/33 MP: 2/2
  1609 | D:2      | Noticed Sigmund
  1621 | D:2      | Killed Sigmund
  1621 | D:2      | Reached XP level 4. HP: 26/41 MP: 3/3
  1621 | D:2      | Reached XP level 5. HP: 30/47 MP: 4/4
  1944 | D:2      | Found a faded altar of an unknown god.
  2004 | D:3      | Found an opulent altar of Gozag.
  2312 | D:3      | Slain by a killer bee

Vault maps used:
D:1:      minmay_arrival_nine_rooms, minmay_misc_feat_ornament, minivault_26,
          minmay_tromino_v4_a
D:2:      chequers_ecumenical_altar_simple_redux, uniq_sigmund
D:3:      lemuel_doored_altar

Skill      XL: |  1  2  3 |
---------------+----------+-----
Fighting       | 4 |  4.7
Short Blades   | 3 4 |  4.5
Armour         | 4 |  4.7
Shields        | 4 |  4.7

Action                   |  1- 3 |  4- 6 || total
-------------------------+-------+-------++-------
Melee: Rapier            |    85 |       ||    85
       Headbutt          |    18 |     3 ||    21
       Short sword       |    18 |    36 ||    54
  Use: Scroll            |       |     1 ||     1
       Potion            |       |     1 ||     1
  Eat: Chunk             |     2 |     2 ||     4
Armor: Scale mail        |    34 |    29 ||    63
Dodge: Dodged            |    27 |    13 ||    40
Block: Shield            |    44 |    26 ||    70

Table legend:
 A = Spawn XP
 B = Non-spawn XP
 C = Spawn XP percentage of total XP
 D = Spawn monster count
 E = Non-spawn monster count
 F = Spawn count percentage of total count
 G = Total turns spent on level
                    A         B        C        D         E        F      G
               +---------+---------+-------+---------+---------+-------+---------
         Total |       0 |     335 |   0.0 |       0 |      61 |   0.0 |  2312
               +---------+---------+-------+---------+---------+-------+---------
           D:1 |       0 |      45 |   0.0 |       0 |      23 |   0.0 |   976
           D:2 |       0 |     262 |   0.0 |       0 |      24 |   0.0 |  1020
           D:3 |       0 |      28 |   0.0 |       0 |      14 |   0.0 |   316
               +---------+---------+-------+---------+---------+-------+---------
